 Dungeon Crawl Stone Soup version 0.19-a0-1438-g932844a (webtiles) character file.

298994 Redz the Fighter (level 20, -2/111 HPs)
             Began as a Vine Stalker Warper on Sept 4, 2016.
             Was a High Priest of Ashenzari.
             Splashed by a deep elf sorcerer's acid (11 damage)
             ... on level 3 of the Elven Halls on Sept 5, 2016.
             The game lasted 06:16:21 (45612 turns).

Redz the Fighter (Vine Stalker Warper)             Turns: 45612, Time: 06:16:21

Health: -2/111     AC: 17    Str: 18    XL:     20   Next: 98%
Magic:  0/27       EV: 19    Int: 31    God:    Ashenzari [*****.]
Gold:   2162       SH: 24    Dex: 16    Spells: 8 memorised, 17 levels left

rFire  + + .     SeeInvis +     Y - +8 long sword of a Spat {slice, rElec rPois rN+ MR-}
rCold  + . .     Gourm    .     P - +1 ring mail of Pride {rF++ rN+ Int+3 Stlth-}
rNeg   + + .     Faith    .     i - +2 shield "Moadwaev" {MR+ Int+3 Dex+3} (curse)
rPois  +         Spirit   +     Z - +2 hat {MR+} (curse)
rElec  +         Dismiss  .     C - +1 cloak of Tiulifue {MR+}
rCorr  .         Reflect  +     j - +2 pair of gloves (curse)
MR     ++++.     Harm     .     D - +3 pair of boots of the Saviour {+Inv rElec MP-9} (curse)
Stlth  ++++...... Clarity  +    x - brooch of Shielding {Reflect SH+8} (curse)
                                y - +6 ring of intelligence (curse)
                                a - ring of protection from cold

@: shrouded, corroded, studying Ice Magic, drained
A: fangs 3, blurry vision 1, regeneration 2, magic shield, antimagic bite, no
device heal 3, rot immunity
a: Curse Item, Scrying, Transfer Knowledge, Renounce Religion, Evoke
Invisibility
}: 2/15 runes: serpentine, barnacled


You were on level 3 of the Elven Halls.
You worshipped Ashenzari.
Ashenzari was extremely pleased with you.
You were not hungry.

You visited 8 branches of the dungeon, and saw 36 of its levels.
You visited 1 bazaar.
You also visited: Labyrinth, Ossuary, Ice Cave, Volcano and Desolation.

You collected 3331 gold pieces.
You spent 1169 gold pieces at shops.

Inventory:

Hand Weapons
 s - a +7 scimitar of flaming
 Y - the +8 long sword of a Spat (weapon) {slice, rElec rPois rN+ MR-}
   (You found it on level 12 of the Dungeon)

   It inflicts extra damage upon your enemies.
   It insulates you from electricity.
   It protects you from poison.
   It protects you from negative energy.
   It affects your resistance to hostile enchantments.
Armour
 i - the cursed +2 shield "Moadwaev" (worn) {MR+ Int+3 Dex+3}
   (You found it on level 1 of the Shoals)

   It affects your intelligence (+3).
   It affects your dexterity (+3).
   It affects your resistance to hostile enchantments.
   It has a curse placed upon it.
 j - a cursed +2 pair of gloves (worn)
 C - the +1 cloak of Tiulifue (worn) {MR+}
   (You found it on level 2 of the Elven Halls)

   It affects your resistance to hostile enchantments.
 D - the cursed +3 pair of boots of the Saviour (worn) {+Inv rElec MP-9}
   (You bought it in a shop in a bazaar)

   It insulates you from electricity.
   It affects your magic capacity (-9).
   It lets you turn invisible.
   It has a curse placed upon it.
 P - the +1 ring mail of Pride (worn) {rF++ rN+ Int+3 Stlth-}
   (You found it on level 1 of the Lair of Beasts)

   It affects your intelligence (+3).
   It greatly protects you from fire.
   It protects you from negative energy.
   It makes you less stealthy.
 Z - a cursed +2 hat of magic resistance (worn)
Jewellery
 a - a ring of protection from cold (left hand)
 o - an uncursed ring of wizardry
 x - the cursed brooch of Shielding (around neck) {Reflect SH+8}
   (You found it on level 9 of the Dungeon)

   [amulet of reflection]

   It shields you and reflects attacks.
   It affects your SH (+8).
   It has a curse placed upon it.
 y - a cursed +6 ring of intelligence (right hand)
 R - an uncursed ring of magical power
Wands
 t - a wand of paralysis (6/24)
 u - a wand of confusion (23/48)
 v - a wand of iceblast (2/15)
 z - a wand of disintegration (5/24)
 K - a wand of digging (14/24)
 O - a wand of lightning (5/15)
Scrolls
 d - 3 scrolls of blinking
 e - a scroll of silence
 g - 31 scrolls of identify
 n - 2 scrolls of remove curse
 p - 5 scrolls of magic mapping
 w - a scroll of fear
 E - 3 scrolls of immolation
 H - 8 scrolls of teleportation
 J - 4 scrolls of amnesia
 L - 10 scrolls of recharging
 S - a scroll of torment {unknown}
Potions
 b - a potion of resistance
 c - a potion of might
 h - 9 potions of curing
 r - 8 potions of haste
 A - 4 potions of magic
 B - 3 potions of brilliance
 F - 3 potions of berserk rage
 G - 2 potions of cancellation
 M - 4 potions of invisibility
 N - a potion of flight
Books
 W - a manual of Ice Magic
 X - a manual of Ice Magic
Miscellaneous
 q - a phial of floods
 V - a disc of storms
Comestibles
 f - 6 bread rations
 k - 13 beef jerkies
 l - 15 meat rations
 I - 17 fruits


   Skills:
 + Level 14.0(13.9) Fighting
 + Level 11.8(11.7) Long Blades
 - Level 0.8 Throwing
 + Level 9.7(12.1) Armour
 + Level 9.5(11.9) Dodging
 + Level 13.6(13.5) Stealth
 + Level 12.3(14.6) Shields
 + Level 11.4(11.3) Spellcasting
 * Level 5.1(7.7) Charms
 + Level 11.3(13.6) Summonings
 * Level 13.8(16.0) Translocations
 + Level 2.6(4.7) Ice Magic
 + Level 9.4(11.9) Evocations


You had 17 spell levels left.
You knew the following spells:

 Your Spells              Type           Power        Failure   Level  Hunger
a - Apportation           Tloc           #######...   0%          1    None
b - Blink                 Tloc           N/A          0%          2    None
c - Shroud of Golubria    Chrm/Tloc      ######....   1%          2    None
d - Passage of Golubria   Tloc           N/A          1%          4    None
e - Shadow Creatures      Summ           N/A          3%          6    ####...
f - Summon Ice Beast      Ice/Summ       ######..     1%          4    None
g - Spectral Weapon       Hex/Chrm       #####...     2%          3    None
h - Passwall              Tmut/Erth      ###.......   8%          2    None


Dungeon Overview and Level Annotations

Branches:
Dungeon (15/15)            Temple (1/1) D:7            Lair (6/6) D:9
 Shoals (4/4) Lair:4        Snake (4/4) Lair:2        Slime (0/5) Lair:5
    Orc (2/2) D:12            Elf (3/3) Orc:2        Vaults (0/5) D:13
 Depths (1/5) D:15

Altars:
Ashenzari
Cheibriados
Dithmenos
Elyvilon
Fedhas
Gozag
Hepliaklqana
Kikubaaqudgha
Makhleb
Nemelex Xobeh
Okawaru
Qazlal
Ru
Sif Muna
Trog
Uskayaw
Vehumet
Xom
Yredelemnul
Zin
The Shining One

Shops:
D:5 =?   D:6 %   D:7 }   Orc:1 [   Orc:2 ?([[   Elf:1 =   Snake:1 %   Snake:4 ?

Portals:
Trove: D:11 (give 7 potions of agility)

Annotations:
Lair:6 Nessos
Depths:1 Jorgrun


Innate Abilities, Weirdness & Mutations

You have razor-sharp teeth.
You heal very quickly.
When hurt, damage is shared between your health and your magic reserves.
Your bite disrupts and absorbs the magic of your enemies.
Potions and wands cannot restore your health.
You are immune to rotting.
Scrolls take you a little longer to read.


Message History

The bolt of acid hits your deep elf mage.
The acid corrodes your deep elf mage!
The deep elf sorcerer hits your deep elf mage with a long sword!
Your deep elf mage dies!
Your deep elf mage's corpse dissolves into shadows!
The deep elf sorcerer becomes larger for a moment.
There is an open door here.
The deep elf sorcerer casts a spell at you.
You resist with almost no effort.
The deep elf sorcerer casts a spell at you.
The sphere of damnation explodes!
The damnation engulfs you!
The deep elf sorcerer casts a spell at you.
The sphere of damnation explodes!
The damnation engulfs you!
* * * LOW HITPOINT WARNING * * *
There is a stone staircase leading up here.
The deep elf sorcerer casts a spell at you.
The bolt of acid hits you!
* * * LOW HITPOINT WARNING * * *
The acid corrodes you!
The acid burns!
You die...

##### ##...##### ####
#### #...@..e.# ###
#... ...# #.:.####.##
##.###.## ##.##
##...###...###...##.#
....##
#...#.#.............#
..##.##
####)####...###...####
...##.## #.......#{e##
##.##
....##.####.⌠...⌠(#.##
#.#
.....#....#......(#.#
#.#
....##.##.(...⌠.(.'(#
##'##


You could see a deep elf sorcerer.

Vanquished Creatures
  Saint Roka (Orc:2)
  A deep elf master archer (Elf:3)
  Ilsuiw (Shoals:4)
  5 greater nagas
  3 deep elf sorcerers (Elf:3)
  3 deep elf elementalists (Elf:3)
  A vampire knight (D:12)
  2 deep elf demonologists (Elf:3)
  A deep elf annihilator (Elf:3)
  A minotaur (Lab)
  3 fire dragons
  3 merfolk javelineers (Shoals:4)
  A deep elf death mage (Elf:3)
  Josephine (D:11)
  3 merfolk impalers
  3 deep elf high priests
  Erolcha (Volcano)
  10 hydras
  2 servants of whispers (Desolation)
  4 peacekeepers
  Fannar (Lair:3)
  5 centaur warriors
  2 catoblepae
  A death knight (D:11)
  7 naga warriors
  Erica (D:11)
  5 merfolk aquamancers
  8 death yaks
  25 dancing weapons
  6 anacondas
  A vampire mage (D:12)
  2 deep troll earth magi (D:15)
  The ghost of xvga the Summoner, a journeyman TeSu of Sif Muna (Lair:1)
  2 tengu warriors (D:15)
  8 shock serpents
  Nergalle (D:11)
  9 naga sharpshooters
  3 orc high priests (Orc:2)
  17 deep elf knights
  A sixfirhy (D:13)
  A fire crab (Lair:4)
  A skeletal warrior (D:9)
  2 wizards (D:15)
  4 unseen horrors
  21 sea snakes
  3 deep trolls (D:15)
  2 naga ritualists
  3 necromancers
  Pikel (D:6)
  6 deep elf archers
  8 hill giants
  5 mana vipers
  10 orc knights
  12 griffons
  A faun (Shoals:3)
  8 orc sorcerers
  6 harpies
  11 salamanders
  17 ugly things
  42 deep elf magi
  2 wolf spiders
  13 manticores
  9 cyclopes
  17 naga magi
  4 guardian serpents
  8 sirens
  33 black mambas
  A fire giant skeleton (Depths:1)
  Psyche (D:10)
  An elf zombie (Depths:1)
  19 elephants
  A water nymph (Shoals:2)
  2 ice statues
  A torpor snail (Lair:6)
  8 spiny frogs
  2 gargoyles
  6 komodo dragons
  An efreet (D:13)
  11 freezing wraiths
  A yaktaur (D:15)
  A rime drake (Lair:6)
  3 tengu conjurers (D:15)
  18 merfolk
  9 trolls
  A wind drake (Shoals:1)
  6 two-headed ogres
  A raiju (shapeshifter) (D:13)
  25 blink frogs
  6 snapping turtles
  18 saltlings (Desolation)
  4 dream sheep
  A meliai zombie (D:15)
  5 raiju (D:13)
  23 slime creatures
  A boulder beetle (Lair:5)
  Sigmund (D:4)
  17 flying skulls
  4 centaur simulacra
  A fire dragon skeleton (Depths:1)
  5 water elementals
  7 wraiths
  3 air elementals (Elf:3)
  6 vampires (D:12)
  5 wyverns
  25 yaks
  3 fire elementals (Elf:2)
  A fire bat (Volcano)
  A steam dragon (Lair:6)
  11 hippogriffs
  A golden eye (shapeshifter) (D:11)
  A hungry ghost (D:12)
  14 vampire mosquitoes
  12 basilisks
  9 wargs
  An insubstantial wisp (Elf:1)
  32 nagas
  22 water moccasins
  A soldier ant (D:11)
  4 mottled dragons
  Duvessa (D:6)
  7 swamp worms (Lair:6)
  8 porcupines
  18 ice beasts
  2 alligator simulacra (IceCv)
  31 orc warriors
  6 phantoms
  3 swamp drakes (Lair:6)
  3 sky beasts
  An elf simulacrum (Depths:1)
  2 necrophages
  18 ogres
  2 wasps
  2 black bears
  A centaur (shapeshifter) (Elf:2)
  7 wolves
  16 crocodiles
  2 big kobolds
  5 centaurs
  Blork the orc (D:6)
  24 giant frogs
  An earth elemental (Elf:2)
  A wyvern skeleton (D:12)
  A water moccasin zombie (D:8)
  4 scorpions
  10 killer bees (D:11)
  4 wights (D:15)
  5 electric eels
  9 howler monkeys
  5 crimson imps
  9 centaur zombies
  6 centaur skeletons
  6 draconian simulacra (IceCv)
  A giant frog zombie (D:13)
  5 hounds
  10 jellies
  25 orc wizards
  A gnoll shaman (D:9)
  8 human zombies
  16 orc priests
  2 giant frog skeletons
  Crazy Yiuf (D:3)
  12 iguanas
  6 worker ants
  Ijyb (D:3)
  3 hell rats
  A polar bear simulacrum (IceCv)
  3 spriggan simulacra (IceCv)
  2 troll simulacra (IceCv)
  A wolf simulacrum (IceCv)
  5 hound zombies
  3 hound skeletons
  3 mummies (Ossuary)
  A worker ant zombie (D:5)
  Robin (D:3)
  26 adders
  9 gnolls
  4 naga simulacra (IceCv)
  2 ogre simulacra (IceCv)
  53 river rats
  7 shadow imps
  12 white imps (IceCv)
  3 adder skeletons (D:8)
  4 adder zombies (Ossuary)
  15 worms
  2 dart slugs (D:1)
  8 giant geckos
  69 orcs
  2 ball pythons
  18 bats
  5 giant cockroaches
  13 goblins
  13 hobgoblins
  7 jackals
  9 quokkas
  7 giant newts
  2 gnoll zombies (Ossuary)
  3 goblin zombies (Ossuary)
  3 hobgoblin zombies (Ossuary)
  4 jackal zombies (Ossuary)
  13 kobolds
  4 kobold zombies (Ossuary)
  An orc zombie (Ossuary)
  A quokka skeleton (D:4)
  3 quokka zombies (Ossuary)
  6 rats
  4 rat zombies (Ossuary)
  5 plants
1439 creatures vanquished.

Vanquished Creatures (collateral kills)
  Agnes (Elf:1)
  Roxanne (Elf:3)
  3 greater nagas
  2 deep elf sorcerers (Elf:3)
  Louise (Shoals:3)
  A deep elf annihilator (Elf:3)
  2 ragged hierophants (Desolation)
  4 merfolk javelineers (Shoals:4)
  5 merfolk impalers
  2 deep elf high priests (Elf:3)
  A fire dragon (Elf:1)
  2 merfolk avatars (Shoals:4)
  2 naga warriors (Snake:2)
  2 anacondas (Snake:4)
  4 dancing weapons
  4 merfolk aquamancers (Shoals:1)
  A deep troll shaman (D:15)
  2 satyrs
  3 deep elf knights
  2 salamander mystics (Snake:4)
  4 sea snakes
  2 naga ritualists (Snake:3)
  A deep elf archer (Elf:2)
  An ironbrand convoker (Desolation)
  5 mana vipers
  5 harpies
  A wolf spider (Elf:1)
  4 griffons
  6 deep elf magi
  5 manticores
  5 salamanders
  2 cyclopes
  A faun (Shoals:3)
  12 sirens
  3 naga magi
  2 guardian serpents
  5 black mambas
  5 water nymphs
  24 merfolk
  7 saltlings (Desolation)
  5 dream sheep
  2 wind drakes (Shoals:4)
  2 snapping turtles
  4 water elementals
  A hippogriff (Shoals:1)
  A hog (Elf:1)
  A warg (Orc:2)
  18 nagas
  A porcupine (Elf:1)
  An orc warrior (Orc:2)
  A centaur (Shoals:4)
  A vampire bat (Elf:1)
  5 orcs (Orc:2)
188 creatures vanquished.

Vanquished Creatures (others)
  A deep elf master archer (Elf:3)
  A greater naga (Snake:4)
  A merfolk javelineer (Shoals:4)
  A satyr (Shoals:3)
  2 naga sharpshooters (Snake:4)
  2 deep elf knights
  2 deep elf archers
  An orc knight (Orc:1)
  An ugly thing (D:11)
  A black mamba (Snake:3)
  A merfolk (Shoals:4)
  A saltling (Desolation)
  A vampire (D:12)
  A water elemental (Shoals:3)
  A naga (Snake:4)
  A mottled dragon (Lair:6)
  An orc warrior (Orc:2)
  2 slaves (D:6)
  2 centaurs
  Dowan (D:6)
  A hound (D:13)
  An orc priest (Orc:2)
  An orc wizard (Orc:2)
  A worm (D:6)
  3 orcs
  17 fungi
  25 plants
  11 spectral weapons
85 creatures vanquished.

Grand Total: 1712 creatures vanquished

Notes
Turn   | Place    | Note
-------+----------+-------------------------------------------
     0 | D:1      | Redz the Vine Stalker Warper began the quest for the Orb.
     0 | D:1      | Reached XP level 1. HP: 11/11 MP: 4/4
    56 | D:1      | Reached skill level 1 in Armour
   106 | D:1      | Reached XP level 2. HP: 11/15 MP: 4/6
   220 | D:1      | Reached skill level 2 in Fighting
   591 | D:1      | Reached XP level 3. HP: 18/18 MP: 7/7
  1442 | D:2      | Gained mutation: Your natural rate of healing is unusually fast. [Vine Stalker growth]
  1442 | D:2      | Reached XP level 4. HP: 3/23 MP: 2/8
  1489 | D:2      | Learned a level 2 spell: Blink
  1508 | D:2      | Learned a level 2 spell: Shroud of Golubria
  1711 | D:3      | Found a faded altar of an unknown god.
  1730 | D:3      | Reached skill level 1 in Stealth
  2094 | D:3      | Found a white marble altar of Elyvilon.
  2200 | D:3      | Reached XP level 5. HP: 16/28 MP: 7/9
  2485 | D:3      | Noticed Ijyb
  2518 | D:3      | Killed Ijyb
  2518 | D:3      | Reached skill level 3 in Fighting
  2583 | D:3      | Noticed Robin
  2649 | D:3      | Killed Robin
  2943 | D:3      | Found a runed door.
  2947 | D:3      | Noticed Crazy Yiuf
  2969 | D:3      | Killed Crazy Yiuf
  3008 | D:4      | Reached skill level 1 in Shields
  3008 | D:4      | Reached XP level 6. HP: 27/32 MP: 9/11
  3014 | D:4      | Learned a level 4 spell: Passage of Golubria
  3173 | D:4      | Noticed a sky beast
  3565 | D:4      | Noticed Sigmund
  3597 | D:5      | Entered Level 5 of the Dungeon
  3608 | D:5      | Reached XP level 7. HP: 15/36 MP: 10/12
  3702 | D:6      | Noticed Pikel
  3702 | D:6      | Noticed Blork the orc
  3711 | D:6      | Noticed Dowan
  3713 | D:6      | Noticed Duvessa
  3979 | D:4      | Killed Sigmund
  3979 | D:4      | Reached skill level 4 in Fighting
  4481 | D:5      | Found Waudau's Jewellery Emporium.
  4484 | D:5      | Found Maqah Lirr's Magic Scroll Emporium.
  5219 | D:6      | Gained mutation: You have razor-sharp teeth. [Vine Stalker growth]
  5219 | D:6      | Reached XP level 8. HP: 35/42 MP: 11/14
  5232 | D:6      | Killed Blork the orc
  5297 | D:6      | Killed Pikel
  5380 | D:6      | Reached skill level 5 in Fighting
  5380 | D:6      | Killed Dowan
  5428 | D:6      | Killed Duvessa
  5428 | D:6      | Reached XP level 9. HP: 46/47 MP: 8/16
  5684 | D:6      | Found Xanakor's Food Shop.
  5810 | D:7      | Found a staircase to the Ecumenical Temple.
  5862 | D:7      | Found a sand-covered staircase.
  5867 | Ossuary  | Entered an ossuary
  5961 | Ossuary  | Reached skill level 5 in Long Blades
  6404 | Temple   | Entered the Ecumenical Temple
  6651 | Temple   | Became a worshipper of Ashenzari the Shackled
  6936 | D:7      | Found Lotynoy's Quality Used Wands.
  7268 | D:8      | Reached skill level 5 in Stealth
  7276 | D:8      | Reached skill level 5 in Translocations
  7307 | D:8      | Reached skill level 5 in Spellcasting
  7307 | D:8      | Reached skill level 1 in Evocations
  7446 | D:5      | Bought a scroll of brand weapon for 260 gold pieces
  7589 | D:8      | Found a snail-covered altar of Cheibriados.
  7621 | D:8      | Reached XP level 10. HP: 53/53 MP: 18/18
  7715 | D:8      | Reached skill level 6 in Fighting
  7856 | D:8      | Reached * piety under Ashenzari
  8470 | D:9      | Found a staircase to the Lair.
  8553 | D:9      | Noticed a hill giant
  8553 | D:9      | Noticed a skeletal warrior
  8553 | D:9      | Noticed a griffon
  8568 | D:9      | Killed a hill giant
  8584 | D:9      | Killed a griffon
  8610 | D:9      | Killed a skeletal warrior
  8631 | D:9      | Noticed a centaur warrior
  8631 | D:9      | Noticed an orc knight
  8646 | D:9      | Killed a centaur warrior
  8646 | D:9      | Reached skill level 7 in Fighting
  8646 | D:9      | Reached XP level 11. HP: 42/58 MP: 18/20
  8852 | D:8      | Killed an orc knight
  9231 | D:10     | Entered Level 10 of the Dungeon
  9651 | D:10     | Reached ** piety under Ashenzari
  9715 | D:10     | Noticed Psyche
  9855 | D:10     | Killed Psyche
 10071 | D:11     | Found a sacrificial altar of Ru.
 10072 | D:11     | Found a labyrinth entrance.
 10106 | D:11     | Found a portal to a secret trove of treasure.
 10142 | Lab      | Entered a labyrinth
 10315 | Lab      | Noticed a minotaur
 10366 | Lab      | Killed a minotaur
 10405 | Lab      | Identified the cursed +2 glaive of Yeast {chop, rC- rN+ MR+ Dex+4} (You found it in a labyrinth)
 10434 | Lab      | Identified the +3 quarterstaff "Cyjah" {freeze, -Tele rF+ rC+ Int+6} (You found it in a labyrinth)
 10450 | D:11     | Gained mutation: You are weak. (Str -2) [potion of mutation]
 10450 | D:11     | Gained mutation: You have large cloven feet. [potion of mutation]
 10450 | D:11     | Gained mutation: Your mind is acute. (Int +2) [potion of mutation]
 10515 | D:11     | Noticed a green ugly thing
 10532 | D:11     | Killed a green ugly thing
 10624 | D:11     | Noticed a catoblepas
 10724 | D:11     | Reached skill level 5 in Shields
 10876 | D:11     | Noticed Erica
 11066 | D:11     | Noticed a hill giant
 11077 | D:11     | Killed a hill giant
 11116 | D:11     | Noticed a cyclops
 11152 | D:11     | Killed Erica
 11152 | D:11     | Reached skill level 8 in Fighting
 11152 | D:11     | Reached skill level 5 in Armour
 11152 | D:11     | Gained mutation: You heal very quickly. [Vine Stalker growth]
 11152 | D:11     | Reached XP level 12. HP: 54/64 MP: 22/22
 11280 | D:11     | Noticed Nergalle
 11298 | D:11     | Reached skill level 5 in Dodging
 11388 | D:11     | Killed Nergalle
 11566 | D:11     | Killed a catoblepas
 11581 | D:11     | Noticed a fire dragon
 11646 | D:11     | Noticed Josephine
 11664 | D:11     | Killed Josephine
 11682 | D:11     | Noticed a death knight
 11903 | D:11     | Found a bloodstained altar of Trog.
 12003 | Lair:1   | Entered Level 1 of the Lair of Beasts
 12003 | Lair:1   | Noticed xvga's ghost (journeyman TeSu)
 12133 | Lair:1   | Killed xvga's ghost
 12400 | Lair:1   | Identified the +1 ring mail of Pride {rF++ rN+ Int+3 Stlth-}
 12672 | Lair:2   | Noticed a death yak
 12673 | Lair:2   | Noticed a death yak
 12676 | Lair:2   | Noticed a death yak
 12678 | Lair:2   | Noticed a death yak
 12688 | Lair:2   | Killed a death yak
 12701 | Lair:2   | Killed a death yak
 12785 | Lair:1   | Killed a death yak
 13003 | Lair:2   | Reached skill level 9 in Fighting
 13003 | Lair:2   | Reached XP level 13. HP: 70/70 MP: 24/24
 13164 | Lair:2   | Found a staircase to the Snake Pit.
 13352 | Lair:2   | Found a sparkling altar of Nemelex Xobeh.
 13381 | Lair:2   | Reached *** piety under Ashenzari
 13856 | Lair:2   | Identified the +8 rapier of Gravity {vamp, *Contam rPois rN+ Dex+3} (You found it on level 7 of the Dungeon)
 14018 | Lair:3   | Noticed Fannar
 14042 | Lair:3   | Killed Fannar
 14337 | Lair:3   | Reached skill level 5 in Evocations
 15020 | Lair:4   | Found a staircase to the Shoals.
 15607 | Lair:4   | Reached **** piety under Ashenzari
 15917 | Lair:4   | Reached skill level 10 in Fighting
 16067 | Lair:5   | Found a staircase to the Slime Pits.
 16193 | Lair:5   | Reached XP level 14. HP: 72/77 MP: 26/26
 16386 | Lair:5   | Found a dark tunnel.
 16391 | Volcano  | Entered a volcano
 16500 | Volcano  | Noticed Erolcha
 16524 | Volcano  | Killed Erolcha
 16540 | Volcano  | Found a bloodstained altar of Trog.
 17400 | Lair:6   | Entered Level 6 of the Lair of Beasts
 17858 | Lair:6   | Noticed Nessos
 18343 | Lair:6   | Reached skill level 10 in Stealth
 19506 | Lair:6   | Reached XP level 15. HP: 45/81 MP: 20/28
 19564 | Lair:6   | Reached skill level 10 in Long Blades
 20195 | Lair:6   | Lost mutation: You have large cloven feet. [potion of cure mutation]
 20195 | Lair:6   | Lost mutation: Your mind is acute. (Int +2) [potion of cure mutation]
 20195 | Lair:6   | Lost mutation: You are weak. (Str -2) [potion of cure mutation]
 21187 | D:12     | Found a staircase to the Orcish Mines.
 21358 | D:12     | Reached skill level 11 in Fighting
 21385 | D:12     | Got the long sword of a Spat {slice, rElec rPois rN+ MR-}
 21386 | D:12     | Identified the +8 long sword of a Spat {slice, rElec rPois rN+ MR-} (You found it on level 12 of the Dungeon)
 21519 | D:5      | Bought an uncursed ring of protection from magic for 325 gold pieces
 21801 | D:12     | Found an ancient bone altar of Kikubaaqudgha.
 22925 | D:13     | Found a gate to the Vaults.
 23504 | D:13     | Reached XP level 16. HP: 88/88 MP: 30/30
 24521 | D:9      | Learned a level 6 spell: Shadow Creatures
 24629 | D:15     | Entered Level 15 of the Dungeon
 24651 | D:15     | Reached skill level 1 in Summonings
 24892 | D:15     | Found a shattered altar of Ashenzari.
 25085 | D:15     | Reached skill level 5 in Summonings
 25635 | D:15     | Found a staircase to the Depths.
 26056 | Orc:1    | Entered Level 1 of the Orcish Mines
 26213 | Orc:1    | Found Fecluu Iskiu's Armour Boutique.
 26542 | Orc:1    | Reached ***** piety under Ashenzari
 26621 | Orc:2    | Entered Level 2 of the Orcish Mines
 26626 | Orc:2    | Noticed Saint Roka
 26834 | Orc:2    | Found a flickering gateway to a bazaar.
 26840 | Bazaar   | Entered a bazaar
 26843 | Bazaar   | Found Noubaeg's Magic Scroll Shop.
 26851 | Bazaar   | Bought a scroll of remove curse for 27 gold pieces
 26855 | Bazaar   | Found Cocw's Antique Armour Emporium.
 26861 | Bazaar   | Found Humnaesu's Distillery.
 26895 | Bazaar   | Found Paugisen's Antique Armour Shop.
 26903 | Bazaar   | Bought a glowing cloak for 90 gold pieces
 26903 | Bazaar   | Bought a pair of encrusted boots for 190 gold pieces
 26903 | Bazaar   | Bought a pair of glowing boots for 90 gold pieces
 26923 | Bazaar   | Identified the +3 pair of boots of the Saviour {+Inv rElec MP-9} (You bought it in a shop in a bazaar)
 26952 | Orc:2    | Paralysed by an orc sorcerer for 7 turns
 27027 | Orc:2    | Found a staircase to the Elven Halls.
 27070 | Orc:2    | Found a frozen archway.
 27091 | IceCv    | Entered an ice cave
 27321 | IceCv    | Found an ancient bone altar of Kikubaaqudgha.
 28001 | Orc:2    | Reached skill level 1 in Ice Magic
 28030 | Orc:2    | Reached skill level 10 in Shields
 28127 | Orc:2    | Reached XP level 17. HP: 50/91 MP: 22/31
 28668 | Orc:2    | Found Qesuw's Armour Boutique.
 28668 | Orc:2    | Found Saxt's Armour Boutique.
 28669 | Orc:2    | Found Jizaiquri's Magic Scroll Emporium.
 28674 | Orc:2    | Found Upapleon's Weapon Emporium.
 28691 | Orc:2    | Bought a scroll of enchant armour for 127 gold pieces
 29125 | Orc:2    | Killed Saint Roka
 29710 | D:9      | Learned a level 4 spell: Summon Ice Beast
 29785 | Snake:1  | Entered Level 1 of the Snake Pit
 30073 | Snake:1  | Found Sonifail's Food Shop.
 30211 | Snake:1  | Reached skill level 5 in Ice Magic
 32528 | Snake:4  | Entered Level 4 of the Snake Pit
 32724 | Snake:4  | Reached XP level 18. HP: 86/98 MP: 23/32
 33174 | Snake:3  | Reached skill level 10 in Spellcasting
 33659 | Snake:4  | Reached skill level 12 in Fighting
 34038 | Snake:4  | Reached skill level 10 in Summonings
 34496 | Snake:4  | Reached skill level 10 in Translocations
 34797 | Snake:4  | Got a serpentine rune of Zot
 35091 | Snake:4  | Found Hecsusch's Magic Scroll Emporium.
 35100 | Snake:4  | Bought a scroll of remove curse for 60 gold pieces
 35393 | Shoals:1 | Entered Level 1 of the Shoals
 35619 | Shoals:1 | Found a burning altar of Makhleb.
 35751 | Shoals:1 | Identified the +2 shield "Moadwaev" {MR+ Int+3 Dex+3}
 36313 | Shoals:3 | Reached ****** piety under Ashenzari
 36418 | Shoals:3 | Noticed Louise
 36473 | Shoals:3 | Killed Louise
 36723 | Shoals:4 | Entered Level 4 of the Shoals
 36742 | Shoals:4 | Gained mutation: Scrolls take you a little longer to read. [mutagenic glow]
 36896 | Shoals:3 | Reached XP level 19. HP: 99/102 MP: 25/34
 37477 | Shoals:4 | Noticed Ilsuiw
 38249 | Shoals:4 | Killed Ilsuiw
 38781 | Shoals:4 | Identified the Grimoire of the Volcanoes and Boosts
 38889 | Shoals:4 | Got a barnacled rune of Zot
 39477 | Shoals:1 | Found a shadowy altar of Dithmenos.
 39892 | Depths:1 | Entered Level 1 of the Depths
 39907 | D:15     | Learned a level 3 spell: Spectral Weapon
 40209 | D:15     | Reached skill level 1 in Charms
 40394 | Depths:1 | Noticed Jorgrun
 40535 | Elf:1    | Entered Level 1 of the Elven Halls
 40535 | Elf:1    | Found Hirylotu's Jewellery Shoppe.
 40582 | Elf:1    | Found a ruined gateway.
 40641 | Desolati | Entered the Desolation of Salt
 41378 | Elf:1    | Identified the Almanac of Shape Shifting
 41565 | Elf:1    | Upgraded the game from 0.19-a0-1398-g1264885 to 0.19-a0-1438-g932844a
 41571 | Elf:1    | Noticed Agnes
 41697 | Elf:1    | Reached XP level 20. HP: 108/108 MP: 20/36
 41702 | Elf:1    | Reached skill level 13 in Fighting
 42129 | Elf:1    | Killed Agnes
 42322 | Elf:2    | Got the uncursed cloak of Tiulifue {MR+}
 42333 | Elf:2    | Identified the +1 cloak of Tiulifue {MR+} (You found it on level 2 of the Elven Halls)
 42415 | Elf:2    | Reduced skill Ice Magic to level 5
 42805 | Elf:2    | Found a runed gate.
 42805 | Elf:2    | Found a runed gate.
 42812 | Elf:2    | Found a runed gate.
 43295 | Elf:2    | Reached skill level 5 in Ice Magic
 43904 | Elf:3    | Entered Level 3 of the Elven Halls
 44166 | Elf:3    | Noticed Roxanne
 44511 | Elf:3    | Killed Roxanne
 44515 | Elf:3    | Identified Roxanne's Catalogue of Moulding (You took it off Roxanne on level 3 of the Elven Halls)
 44520 | Elf:3    | Learned a level 2 spell: Passwall
 44595 | Elf:3    | Reduced skill Ice Magic to level 1
 45337 | Elf:3    | Reached skill level 14 in Fighting
 45404 | Elf:3    | Reached skill level 5 in Charms
 45612 | Elf:3    | Splashed by a deep elf sorcerer's acid

Vault maps used:
D:1:      dpeg_arrival_stonehenge_8_columns, st_stairs_12
D:3:      ecumenical_altar_2, elyvilon_altar_1, uniq_iyjb, uniq_robin,
          uniq_crazy_yiuf_cottage
D:4:      first_bread, dk_noncrumbling_3, st_stairs_4, uniq_sigmund
D:5:      serial_shops, shop_statue, shop
D:6:      serial_shops, kennysheep_little_box, hangedman_decor_growths,
          minmay_misc_feat_doors, uniq_pikel, uniq_blork_the_orc, uniq_duvessa
D:7:      lightli_ossuary_entry_decrepit_ruins, grunt_ogre_cave,
          nicolae_for_you_no_charge
D:8:      basic_altar, minmay_misc_feat_nine_boxes
D:9:      minmay_shrinking_squares, dpeg_lair_monsters
D:10:     uniq_psyche
D:11:     enter_trove_2, lab_entry_generic, st_stairs_7,
          roderic_nine_men_s_morris, hangedman_decor_riveting,
          hangedman_feature_mirror, minivault_28, uniq_nergalle, uniq_josephine,
          uniq_erica
D:12:     lemuel_vampire_tower, david_orc_2
D:13:     minmay_shoctagon, erik_vaults_1
D:14:     hangedman_decor_diamond_cutter
D:15:     grunt_enter_depths_magical_seal, ashenzari_altar_1
Temple:   nicolae_temple_the_god_donut
Lair:1:   st_stairs_6, small_statue_intersection
Lair:2:   minmay_lair_venomous_thicket, minmay_snake_entry_six_corridors,
          basic_altar, lemuel_fruit_tree, grunt_megastairs_1,
          infiniplex_staircase_pool_2
Lair:3:   serial_bayou, serial_bayou_pond_a, serial_bayou_pond_d,
          serial_bayou_pond_e, serial_bayou_pond_e, uniq_fannar
Lair:4:   elwin_shoals_entry_stream
Lair:5:   minmay_slime_entry_pillars, enter_volcano_1, infiniplex_staircase_pool
Lair:6:   guppyfry_lair_end_dragon, hangedman_lair_in_review, worms_lemuel,
          uniq_nessos
Shoals:1: hangedman_feature_mirror, nicolae_shoals_aquamancer_cove
Shoals:3: uniq_louise
Shoals:4: shoals_end_simple, shoal_ilsuiw
Snake:1:  serial_shops, shop, dpeg_stationary_puzzle, grunt_megastairs_2
Snake:4:  minmay_snake_end_coiled, serial_shops, shop
Orc:1:    nicolae_orc_accident_1, serial_shops, nicolae_shop_trees
Orc:2:    st_orc_elflike, serial_shops, bzr_firewalk,
          portal_ice_cave_entry_ice_beasts, uniq_saint_roka
Elf:1:    serial_shops, shop, portal_desolation_entry_twin_temple,
          kennysheep_underground_church, hangedman_research_metamorphosis,
          uniq_agnes
Elf:2:    hangedman_elven_crosses_minicolossus
Elf:3:    minmay_elf_hall_hex, serial_co_window_serial, co_window_corner_a,
          co_window_corner_a, co_window_paths_b, co_window_of_opportunity_a,
          co_window_corner_a, co_window_corner_a, co_window_paths_a,
          co_window_corner_a, co_window_corner_a, glass_columns_a,
          glass_columns_c, minmay_fountain_box, uniq_roxanne, uniq_donald
Depths:1: minmay_misc_feat_rugged, grunt_hell_entry_dis_mu, grunt_ministairs_13,
          st_stairs_10, minmay_shoptagon, uniq_jorgrun
Bazaar:   bazaar_kb_twisted_cavern
Ossuary:  minmay_ossuary_two_tombs
IceCv:    ice_cave_small_necro
Volcano:  volcano_grotto

Skill      XL: |  1  2  3  4  5  6  7  8  9 10 11 12 13 14 15 16 17 18 19 20 |
---------------+-------------------------------------------------------------+-----
Armour         | 1 2 3 4 5 6 7 8 9 |  9.7
Fighting       | 2 3 4 5 7 8 9 10 11 12 14 | 14.0
Long Blades    | 2 3 4 5 6 7 8 9 10 11 | 11.8
Stealth        | 1 2 3 4 5 6 7 8 9 10 11 12 13 | 13.6
Dodging        | 2 3 4 5 6 7 8 9 |  9.5
Shields        | 1 2 3 4 5 6 7 8 10 11 12 | 12.3
Spellcasting   | 3 4 5 6 7 8 9 10 11 | 11.4
Translocations | 4 5 6 7 8 9 10 11 13 | 13.8
Evocations     | 1 2 3 4 5 6 7 8 9 |  9.4
Summonings     | 8 9 10 11 | 11.3
Ice Magic      | 2 7 8 9 2 |  2.6
Charms         | 2 5 |  5.1
Throwing       | |  0.8

Action                   |  1- 3 |  4- 6 |  7- 9 | 10-12 | 13-15 | 16-18 | 19-21 || total
-------------------------+-------+-------+-------+-------+-------+-------+-------++-------
Melee: Falchion          |   145 |   310 |   587 |   853 |  1877 |       |       ||  3772
       Bite              |    29 |    81 |   156 |   268 |   757 |   764 |   386 ||  2441
       Scimitar          |       |       |       |       |   232 |    15 |       ||   247
       Long sword        |       |       |       |       |   516 |  2314 |  1257 ||  4087
 Cast: Shroud of Golubri |       |    19 |    32 |    54 |    80 |    75 |    19 ||   279
       Blink             |       |       |     1 |     1 |       |     1 |       ||     3
       Passage of Golubr |       |       |     2 |    16 |    63 |    59 |    15 ||   155
       Summon Ice Beast  |       |       |       |       |       |   160 |   191 ||   351
       Spectral Weapon   |       |       |       |       |       |       |    21 ||    21
       Shadow Creatures  |       |       |       |       |       |       |    32 ||    32
Invok: Curse Item        |       |       |     4 |     1 |     1 |     1 |     3 ||    10
       Scrying           |       |       |       |       |     2 |       |     1 ||     3
       Transfer Knowledg |       |       |       |       |       |       |     3 ||     3
 Abil: Evoke Invisibilit |       |       |       |       |       |     4 |     4 ||     8
Evoke: Wand              |       |       |     5 |     7 |     5 |     8 |     2 ||    27
       Disc of storms    |       |       |       |       |       |     3 |     4 ||     7
       Phial of floods   |       |       |       |       |       |     1 |     1 ||     2
       Box of beasts     |       |       |       |       |       |     1 |       ||     1
  Use: Scroll            |       |       |    13 |     4 |    10 |    16 |     5 ||    48
       Potion            |       |       |    10 |     6 |     4 |     1 |     2 ||    23
 Stab: Sleeping          |       |     2 |    10 |    11 |    12 |    23 |    19 ||    77
       Paralysed         |       |       |     1 |     5 |       |       |       ||     6
       Distracted        |       |       |       |     1 |     5 |    16 |    21 ||    43
       Petrified         |       |       |       |       |     4 |       |       ||     4
       Invisible         |       |       |       |       |       |     1 |    21 ||    22
  Eat: Chunk             |     1 |    10 |     4 |    17 |    30 |    22 |    25 ||   109
       Bread ration      |       |       |     3 |       |     2 |     6 |     3 ||    14
       Beef jerky        |       |       |     1 |       |       |       |       ||     1
       Royal jelly       |       |       |       |     1 |     1 |       |       ||     2
       Pizza             |       |       |       |       |       |     1 |     1 ||     2
Armor: Leather armour    |    24 |    67 |   185 |   127 |    32 |       |       ||   435
       Ring mail         |       |       |       |       |   502 |   424 |   278 ||  1204
Dodge: Dodged            |    81 |   152 |   260 |   265 |   872 |   597 |   434 ||  2661
Block: Buckler           |       |    33 |    92 |   322 |  1366 |       |       ||  1813
       Reflection        |       |       |       |     7 |    16 |   171 |   137 ||   331
       Shield            |       |       |       |       |   230 |  2063 |  1228 ||  3521
